 Dungeon Crawl Stone Soup version 0.28-a0-1567-g1695149f81 (webtiles) character file.

Game seed: 15543031719000288824

205 comborobin the Ruffian (level 5, -1/50 HPs)
             Began as a Troll Cinder Acolyte on Jan 20, 2022.
             Was a High Priest of Ignis.
             Succumbed to a killer bee's poison
             ... on level 6 of the Dungeon.
             The game lasted 00:01:01 (632 turns).

comborobin the Ruffian (Troll Cinder Acolyte)        Turns: 632, Time: 00:01:02

Health: -1/50      AC:  4    Str: 22    XL:     5   Next: 53%
Magic:  5/5        EV:  9    Int: 10    God:    Ignis [*****.]
Gold:   43         SH:  0    Dex:  7    Spells: 6/6 levels left

rFire   + . .      SeeInvis .     - Unarmed
rCold   . . .      Faith    .   (no shield)
rNeg    . . .      Spirit   .   a - +0 robe
rPois   .          Reflect  .   (helmet restricted)
rElec   .          Harm     .   (no cloak)
rCorr   .          Rampage  .   (gloves unavailable)
Will    .....                   (boots unavailable)
Stlth   +.........              (no amulet)
HPRegen 0.96/turn               (no ring)
MPRegen 0.09/turn               (no ring)

@: lethally poisoned (-1 -> -9), hasted, very quick
A: large, unfitting armour, claws 3, regeneration 1, shaggy fur 1, tough skin 1
a: Renounce Religion, Fiery Armour, Foxfire Swarm, Rising Flame


You were on level 6 of the Dungeon.
You worshipped Ignis.
Ignis was extremely pleased with you.
You visited 1 branch of the dungeon, and saw 4 of its levels.

You collected 43 gold pieces.

Inventory:

Missiles
 d - 3 poisoned darts (quivered)
 f - a throwing net
 j - 3 boomerangs
 l - 5 curare-tipped darts
Armour
 a - a +0 robe (worn)
Jewellery
 e - a +4 ring of protection
 k - an amulet of reflection
Scrolls
 b - a scroll of teleportation {unknown}
Potions
 c - a potion of lignification {unknown}
 h - a potion of attraction {unknown}
 i - a potion of curing {unknown}


   Skills:
 - Level 2.4 Fighting
 * Level 6.3 Unarmed Combat
 - Level 1.0 Spellcasting
 - Level 2.1 Fire Magic


You had 6 spell levels left.
You didn't know any spells.
Your spell library contained the following spells:

 Spells                   Type           Power      Damage    Failure   Level
 Scorch                   Fire           8%         2d5       22%         2


Dungeon Overview and Level Annotations

Branches:
Dungeon (3/15)

Altars:
Dithmenos


Innate Abilities, Weirdness & Mutations

You are too large for most types of armour.
You have claws for hands.
Your natural rate of healing is unusually fast.
You are covered in fur. (AC +1)
You have tough skin. (AC +1)


Message History

The killer bee is heavily wounded.
The foxfire hits the gnoll.
The gnoll is heavily wounded.
The foxfire hits the gnoll.
The gnoll is almost dead.
The foxfire hits the killer bee.
The killer bee is severely wounded.
The foxfire hits the killer bee.
The killer bee is almost dead.
The foxfire hits the gnoll.
You kill the gnoll!
The killer bee stings you. x2
You closely miss the killer bee.
The killer bee is almost dead.
You feel sick.
The killer bee buzzes angrily.
The killer bee stings you but does no damage.
The killer bee barely misses you. The killer bee stings you.
Unknown command.
You barely miss the killer bee.
The killer bee is severely wounded.
You feel sick. The killer bee stings you.
You are more poisoned.
The killer bee poisons you! The killer bee stings you. x2
You are more poisoned.
The killer bee poisons you!
* * * LOW HITPOINT WARNING * * *
You feel very sick. The killer bee stings you.
* * * LOW HITPOINT WARNING * * *
The killer bee stings you.
* * * LOW HITPOINT WARNING * * *
A gnoll comes into view. It is wielding a +0 spear.
A gnoll shaman comes into view. It is wielding a +0 club.
Okay, then.
* * * LOW HITPOINT WARNING * * *
You feel very sick. The killer bee barely misses you.
It was a potion of haste.
You feel yourself speed up.
You die...

.......# # ......# ###
..... # #.. #g#.##.# #..
g. #)...#.### #..
..<.###.$....... #§..
......syl..###[#####.§§.
....###y#.## #....#§§§..
..#####@#.####......§...
................#..§§.._
#############...#.......
#......#§§.§.
####......##§§.§
........†..# #§§§
########...####§§
#..^.)...§ #.......##


You could see a gnoll shaman, a scorpion, an iguana and 2 killer bees.

Vanquished Creatures
  2 centaurs (D:6)
  A gnoll (D:6)
  An adder (D:6)
  A worm (D:2)
  An orc (D:3)
  2 ball pythons
  An endoplasm (D:1)
  A giant cockroach (D:1)
  2 goblins (D:2)
  2 hobgoblins (D:1)
  4 jackals (D:1)
  2 kobolds
  A quokka (D:2)
  A bat (D:2)
  3 rats
25 creatures vanquished.

Vanquished Creatures (others)
  11 foxfires (D:6)
11 creatures vanquished.

Grand Total: 36 creatures vanquished

Notes
Turn   | Place    | Note
-------+----------+-------------------------------------------
     0 | D:1      | comborobin the Troll Cinder Acolyte began the quest for the
                  | Orb.
     0 | D:1      | Reached XP level 1. HP: 22/22 MP: 1/1
   121 | D:1      | Reached XP level 2. HP: 29/29 MP: 2/2
   319 | D:2      | Reached skill level 4 in Unarmed Combat
   396 | D:3      | Reached XP level 3. HP: 36/36 MP: 3/3
   429 | D:3      | Found a faded altar of an unknown god.
   433 | D:3      | You fall into a shaft and drop 3 floors!
   433 | D:6      | Found a shadowy altar of Dithmenos.
   435 | D:6      | Noticed a centaur
   442 | D:6      | Killed a centaur
   443 | D:6      | Reached skill level 5 in Unarmed Combat
   443 | D:6      | Reached XP level 4. HP: 3/44 MP: 4/4
   548 | D:6      | Noticed a centaur
   563 | D:6      | Killed a centaur
   564 | D:6      | Reached skill level 6 in Unarmed Combat
   564 | D:6      | Reached XP level 5. HP: 18/50 MP: 5/5
   631 | D:6      | HP: 1/50 [poisoned by a killer bee]
   632 | D:6      | Succumbed to a killer bee's poison

Illustrated notes

Levels and vault maps discovered:
D:1:      minmay_arrival_glassed_features, layout_loops_ring, serial_shops,
          nicolae_shop_statue_plus
D:2:      layout_basic, minmay_tromino_v4_a
D:3:      layout_loops_ring, hellmonk_ecumenical_altar_leap_of_faith,
          uniq_terence
D:6:      layout_loops_ring, nicolae_dithmenos_the_darkroom, uniq_prince_ribbit1

Skill      XL: |  1  2  3  4 |
---------------+-------------+-----
Unarmed Combat | 4 5 6 |  6.3
Fighting       | |  2.4
Spellcasting   | |  1.0
Fire Magic     | |  2.1

Action                   |  1- 3 |  4- 6 || total
-------------------------+-------+-------++-------
Melee: Unarmed           |    49 |    22 ||    71
       Punch             |     2 |       ||     2
Invok: Foxfire Swarm     |       |     1 ||     1
  Use: Potion            |       |     1 ||     1
Armor: Robe              |    15 |    12 ||    27
Dodge: Dodged            |    23 |    20 ||    43

Table legend: (Time is in decaauts)
 A = Elapsed time spent in this place.
 B = Non-inter-level travel time spent in this place.
 C = Inter-level travel time spent in this place.
 D = Time resting spent in this place.
 E = Time spent auto-exploring this place.
 F = Levels seen in this place.
 G = Mean time per level.
                   A        B        C        D        E       F      G
               +--------+--------+--------+--------+--------+-----+--------+
         Total |    626 |    601 |     25 |     43 |    378 |   4 |  156.5 |
       Dungeon |    626 |    601 |     25 |     43 |    378 |   4 |  156.5 |
               +--------+--------+--------+--------+--------+-----+--------+

Top non-repeatable levels by time:
     D:1: 218 daAuts
     D:6: 196 daAuts
     D:2: 168 daAuts
     D:3: 43 daAuts
